 Dungeon Crawl Stone Soup version 0.28.0 (webtiles) character file.

Game seed: 14669184808148499014

56 danielguo94 the Skirmisher (level 3, 0/23 HPs)
             Began as a Gargoyle Fighter on Feb 8, 2022.
             Slain by a hobgoblin (3 damage)
             ... led by Robin
             ... on level 2 of the Dungeon.
             The game lasted 00:01:46 (1376 turns).

danielguo94 the Skirmisher (Gargoyle Fighter)       Turns: 1376, Time: 00:01:46

Health: 0/23       AC: 11    Str: 21    XL:     3   Next: 97%
Magic:  3/3        EV:  9    Int:  8    God:
Gold:   38         SH:  4    Dex:  9    Spells: 2/2 levels left

rFire   . . .      SeeInvis .   a - +0 flail
rCold   . . .      Faith    .   c - +0 buckler
rNeg    + . .      Spirit   .   b - +0 scale mail
rPois   ∞          Reflect  .   (no helmet)
rElec   +          Harm     .   e - +0 cloak
rCorr   .          Rampage  .   (no gloves)
Will    .....                   (no boots)
Stlth   ..........              (no amulet)
HPRegen 0.07/turn               (no ring)
MPRegen 0.08/turn               (no ring)

@: mighty
A: sickness immunity, AC +3, negative energy resistance 1, electricity
resistance, torment resistance 1, petrification resistance
a: no special abilities


You were on level 2 of the Dungeon.
You visited 1 branch of the dungeon, and saw 2 of its levels.

You collected 38 gold pieces.

Inventory:

Hand Weapons
 a - a +0 flail (weapon)
Missiles
 j - 6 javelins (quivered)
 k - a stone
Armour
 b - a +0 scale mail (worn)
 c - a +0 buckler (worn)
 e - a +0 cloak (worn)
Scrolls
 f - a scroll of blinking {unknown}
Potions
 g - a potion of lignification {unknown}
 h - 2 potions of curing {unknown}
 i - a potion of cancellation {unknown}


   Skills:
 + Level 3.6 Fighting
 * Level 3.2 Maces & Flails
 + Level 3.5 Armour
 + Level 0.3 Dodging
 + Level 3.6 Shields


You had 2 spell levels left.
You didn't know any spells.
Your spell library was empty.

Dungeon Overview and Level Annotations

Branches:
Dungeon (2/15)

Altars:


Innate Abilities, Weirdness & Mutations

You are immune to sickness and miasma.
Your stone body is resilient. (AC +3)
You are immune to poison.
You resist negative energy. (rN+)
You are resistant to electric shocks. (rElec)
You are resistant to unholy torment.
You are immune to petrification.


Message History

You kill the goblin!
You barely miss the hobgoblin. Something completely misses you.
You bludgeon the hobgoblin!!
You kill the hobgoblin!
Something hits you but does no damage.
The hobgoblin no longer looks unusually strong.
The hobgoblin goes into a battle-frenzy!
The hobgoblin no longer looks unusually strong.
The hobgoblin no longer looks unusually strong.
The goblin no longer looks unusually strong.
The goblins go into a battle-frenzy!
Something throws the goblin at you!
You sock the goblin!
You kill the goblin!
Robin appears from thin air!
Reactivating autopickup.
Things that are here:
a +0 dagger; a scroll labelled FEM KOMIHUUNAA; a goblin corpse You sock the hobgoblin!
You kill the hobgoblin!
Robin roars a battlecry!
Your Maces & Flails skill increases to level 3!
Robin roars a battlecry!
Robin hits you with a +0 spear.
* * * LOW HITPOINT WARNING * * *
You see here a hobgoblin corpse.
You sock Robin!
Robin is almost dead.
The hobgoblin no longer looks unusually strong.
You block Robin's attack. Robin hits you with a +0 spear.
* * * LOW HITPOINT WARNING * * *
You sock Robin!
You kill Robin!
The frilled lizard bites you but does no damage.
You sock the frilled lizard!
You kill the frilled lizard!
You closely miss the hobgoblin.
The hobgoblin no longer looks unusually strong.
The hobgoblin closely misses you. The hobgoblin hits you.
You die...

### ### #.################ ..#
#.....@gggg....... ..#
#.########.####### ..# #.#
#####..## ..# #.#
#......g######## ..# #.#
#.#.≈≈≈.g....... ..#########.#
#.≈?l.########
..#.......#.####.#.≈≈≈.g.########
..#.#####........#.....#g.......#
.................#.#...#........#


You could see 3 hobgoblins and a goblin (strong).

Vanquished Creatures
  Robin (D:2)
  An adder (D:2)
  2 dart slugs (D:1)
  3 ball pythons (D:1)
  3 endoplasms
  A giant cockroach (D:1)
  6 goblins (D:2)
  3 hobgoblins (D:2)
  3 kobolds
  A quokka (D:1)
  A bat (D:1)
  4 frilled lizards
  4 rats
33 creatures vanquished.

Notes
Turn   | Place    | Note
-------+----------+-------------------------------------------
     0 | D:1      | danielguo94 the Gargoyle Fighter began the quest for the
                  | Orb.
     0 | D:1      | Reached XP level 1. HP: 14/14 MP: 1/1
   438 | D:1      | Reached XP level 2. HP: 19/19 MP: 2/2
  1128 | D:2      | Reached XP level 3. HP: 20/23 MP: 3/3
  1337 | D:2      | Noticed Robin
  1374 | D:2      | Killed Robin
  1376 | D:2      | Slain by a hobgoblin

Illustrated notes

Levels and vault maps discovered:
D:1:      dpeg_arrival_shrine, layout_basic, roderic_serpentine_path
D:2:      layout_basic, serial_shops, shop, nicolae_shop_crystal,
          corexii_item_surrounded_by_moat, uniq_robin

Skill      XL: |  1  2  3 |
---------------+----------+-----
Maces & Flails | 3 |  3.2
Fighting       | |  3.6
Armour         | |  3.5
Dodging        | |  0.3
Shields        | |  3.6

Action                   || total
-------------------------++-------
Melee: Flail             ||    83
  Use: Potion            ||     1
Armor: Scale mail        ||    51
Dodge: Dodged            ||    46
Block: Buckler           ||    21
